 Dungeon Crawl Stone Soup version 0.27.0-1-g7a089689b8 (webtiles) character file.

Game seed: 3836578817269822480

401 robertstho the Magician (level 7, 0/45 HPs)
             Began as a Djinni Fire Elementalist on Aug 9, 2021.
             Slain by a scorpion (7 damage)
             ... on level 3 of the Dungeon.
             The game lasted 00:03:28 (3589 turns).

robertstho the Magician (Djinni Fire Elementalist)  Turns: 3589, Time: 00:03:29

Health: 0/45       AC:  4    Str:  7    XL:     7   Next: 11%
Gold:   90         EV: 12    Int: 19    God:
                   SH:  0    Dex: 13

rFire    + + .     SeeInvis .   l - +0 dagger
rCold    x . .     Faith    .   (no shield)
rNeg     . . .     Spirit   .   a - +1 robe
rPois    ∞         Reflect  .   (no helmet)
rElec    .         Harm     .   p - +0 cloak
rCorr    .         Rampage  .   (no gloves)
Will     .....                  (boots unavailable)
Stlth    ++........             (no amulet)
HPRegen  0.15/turn              (no ring)
MPRegen  0.00/turn              (no ring)

@: flying
A: sickness immunity, fire resistance 2, cold vulnerability 1, float, innate
caster, hp casting, extra vitality 1
a: no special abilities


You were on level 3 of the Dungeon.
You visited 1 branch of the dungeon, and saw 3 of its levels.

You collected 90 gold pieces.

Inventory:

Hand Weapons
 l - a +0 dagger (weapon)
Armour
 a - a +1 robe (worn)
 p - a +0 cloak (worn)
Scrolls
 b - a scroll of acquirement
 f - a scroll of amnesia
Potions
 c - a potion of flight
 e - a potion of curing
 g - a potion of resistance {unknown}
 h - a potion of lignification {unknown}
 j - a potion of heal wounds {unknown}
 m - a potion of degeneration {unknown}
 o - a potion of cancellation


   Skills:
 + Level 0.1 Fighting
 + Level 2.7 Dodging
 + Level 3.1 Stealth
 + Level 5.1 Spellcasting


You couldn't memorise any spells.
You knew the following spells:

 Your Spells              Type           Power      Damage    Failure   Level
a - Foxfire               Conj/Fire      96%        2x1d8     1%          1
b - Conjure Flame         Conj/Fire      24%        6-21      4%          3
c - Inner Flame           Hex/Fire       24%        N/A       4%          3
d - Sticky Flame          Conj/Fire      24%        2d5       14%         4
e - Fireball              Conj/Fire      12%        3d7       38%         5
f - Shock                 Conj/Air       96%        1d9       1%          1
g - Searing Ray           Conj           48%        3d5       2%          2
h - Static Discharge      Conj/Air       24%        N/A       2%          2
Your spell library was empty.

Dungeon Overview and Level Annotations

Branches:
Dungeon (3/15)

Altars:
Cheibriados
Dithmenos

Shops:
D:3 (

Annotations:
D:3 Grinder


Innate Abilities, Weirdness & Mutations

You are immune to sickness and miasma.
You are immune to poison.
Your flesh is very heat resistant. (rF++)
You are vulnerable to cold. (rC-)
You float through the air rather than walking.
You learn spells naturally, not from books.
Your magical power is your life essence.
You have superior vitality. (+4 HP)


Message History

Unknown command.
The foxfire hits Grinder but does no damage.
Grinder is lightly wounded.
The foxfire hits something.
The foxfire hits something!
Reactivating autopickup.
You feel a bit more experienced. Grinder hits you!
You writhe in agony.
The scorpion stings you!
Your Stealth skill increases to level 3!
Your Spellcasting skill increases to level 5!
You have reached level 7!
The power to cast Static Discharge wells up from within.
Spell assigned to 'h'.
As you read the scroll labelled ODA IHAKESKYSO, it crumbles to dust.
It is a scroll of identify.
b - a scroll of acquirement The scorpion closely misses you.
Grinder blinks!
As you read the scroll of identify, it crumbles to dust.
f - a scroll of amnesia The scorpion closely misses you.
As you read the scroll of identify, it crumbles to dust.
c - a potion of flight The scorpion stings you.
* * * LOW HITPOINT WARNING * * *
The scorpion misses you.
As you read the scroll of identify, it crumbles to dust.
o - a potion of cancellation The scorpion stings you.
* * * LOW HITPOINT WARNING * * *
As you read the scroll labelled XINNU WEXUE, it crumbles to dust.
It is a scroll of enchant armour.
Your +0 robe glows green for a moment.
The scorpion barely misses you.
As you read the scroll labelled URATIL SEOPHOD, it crumbles to dust.
Your body is wracked with pain!
* * * LOW HITPOINT WARNING * * *
The scorpion convulses!
The orc convulses!
It was a scroll of torment.
The scorpion barely misses you.
As you read the scroll labelled ZYIDOTHYUWA, it crumbles to dust.
You hear a loud clanging noise!
It was a scroll of noise.
The scorpion stings you!
You die...

....... ......'
..#
.......#......#
#.#
..............#
#.#
.........(....#
#.#
......5.......#
####.# #..)....#
#..... #o#######
#..... #s# #.....
#@# ####.# #.# #.#
#.##############.#
#................#
##################
# #


You could see Grinder, a scorpion and an orc.

Vanquished Creatures
  Sigmund (D:3)
  A hound (D:3)
  Crazy Yiuf (D:3)
  Jessica (D:2)
  Natasha (thrice) (D:2)
  5 adders
  2 worms (D:3)
  A dart slug (D:1)
  3 endoplasms
  2 giant cockroaches
  2 goblins
  3 hobgoblins
  4 kobolds
  3 quokkas
  2 ball pythons (D:3)
  3 bats (D:3)
  A frilled lizard (D:2)
  3 rats
41 creatures vanquished.

Vanquished Creatures (others)
  223 foxfires
223 creatures vanquished.

Grand Total: 264 creatures vanquished

Notes
Turn   | Place    | Note
-------+----------+-------------------------------------------
     0 | D:1      | robertstho the Djinni Fire Elementalist began the quest for
                  | the Orb.
     0 | D:1      | Reached XP level 1. HP: 15/15 MP: 0/0
   121 | D:1      | Found a shadowy altar of Dithmenos.
   522 | D:1      | Reached XP level 2. HP: 15/21 MP: 0/0
  1308 | D:2      | Noticed Jessica
  1315 | D:2      | Killed Jessica
  1316 | D:2      | Reached skill level 3 in Spellcasting
  1316 | D:2      | Reached XP level 3. HP: 20/25 MP: 0/0
  1316 | D:2      | Learned a level 1 spell: Shock
  1386 | D:2      | Found a faded altar of an unknown god.
  1526 | D:2      | Reached XP level 4. HP: 28/31 MP: 0/0
  2054 | D:2      | Noticed Natasha
  2059 | D:2      | Killed Natasha
  2060 | D:2      | Reached XP level 5. HP: 32/35 MP: 0/0
  2060 | D:2      | Learned a level 2 spell: Searing Ray
  2265 | D:2      | Noticed Natasha
  2270 | D:2      | Killed Natasha
  2271 | D:2      | Reached skill level 4 in Spellcasting
  2408 | D:2      | Noticed Natasha
  2425 | D:2      | Killed Natasha
  2686 | D:3      | Found Tesm's Weapon Boutique.
  2796 | D:3      | Found a snail-covered altar of Cheibriados.
  3180 | D:3      | Reached XP level 6. HP: 31/40 MP: 0/0
  3264 | D:3      | Found a runed translucent door.
  3265 | D:3      | Noticed Crazy Yiuf
  3274 | D:3      | Killed Crazy Yiuf
  3569 | D:3      | Noticed Sigmund
  3570 | D:3      | Noticed Grinder
  3579 | D:3      | Killed Sigmund
  3580 | D:3      | Reached skill level 5 in Spellcasting
  3580 | D:3      | Reached XP level 7. HP: 16/45 MP: 0/0
  3580 | D:3      | Learned a level 2 spell: Static Discharge
  3582 | D:3      | Identified a scroll of acquirement
  3589 | D:3      | Slain by a scorpion

Illustrated notes

Levels and vault maps discovered:
D:1:      dpeg_arrival_lava_altar, layout_loops_cross, minmay_misc_feat_doors,
          kennysheep_decorative_pillar, kennysheep_nondescript
D:2:      layout_basic, shapermc_ecumenical_altar_mp_highgroup, uniq_natasha,
          uniq_jessica
D:3:      layout_basic, slow_altar_2, serial_shops, shop, uniq_sigmund,
          uniq_grinder, uniq_crazy_yiuf_cottage

Skill      XL: |  1  2  3  4  5  6 |
---------------+-------------------+-----
Spellcasting   | 3 4 5 |  5.1
Stealth        | 2 3 |  3.1
Fighting       | |  0.1
Dodging        | |  2.7

Action                   |  1- 3 |  4- 6 |  7- 9 || total
-------------------------+-------+-------+-------++-------
 Cast: Foxfire           |    50 |    82 |       ||   132
       Sticky Flame      |       |     1 |       ||     1
  Use: Scroll            |       |       |     7 ||     7
Armor: Robe              |       |     3 |       ||     3
Dodge: Dodged            |       |    12 |     5 ||    17
